AoeStats
← Maximus1743

Nomad

509290349Analyzed
4v4 RM · 5d ago on Sep 26, 2026· 52m 32s· 8 players
Game mode
Random Map
Map size
231×231
Population
200
Speed
Normal
Resources
Standard
Victory
Conquest
Starting age
Dark Age
Ending age
Imperial Age
RankedLock teamsTeams togetherTeam positionsShared explorationLock speedFull tech treeHidden civsTurbo modeCheats
Victory
Defeat
🇨🇳 Danes · China
1295
+13
🇳🇿 Persians · New Zealand
1229
+15
🇲🇽 Varangians · Mexico
1205
+16
🇨🇳 Vietnamese · China
1199
+17
🇭🇰 Spanish · Hong Kong SAR China
1310
-19
🇹🇷 Dravidians · Türkiye
1209
-15
🇪🇸 Vietnamese · Spain
1175
-14
🇪🇸 Chinese · Spain
1170
-13
Maximus1743
5:44 Loom
13:06 Feudal Age
17:01 Castle Age
16:18 Scale Barding Armor
16:59 Double-Bit Axe
17:46 Bloodlines
20:31 Forging
21:21 Husbandry
21:29 Fletching
25:12 Gambesons
25:45 Scale Mail Armor
26:21 Iron Casting
25:37 Fishing Lines
26:38 Squires
29:30 Bow Saw
30:42 Town Watch
32:48 Horse Collar
35:32 Wheelbarrow
38:30 Heavy Plow
44:24 Imperial Age
42:26 Gold Mining
42:58 Husbandry
44:19 Chain Barding Armor
45:19 Hand Cart
44:44 Cavalier
46:01 Plate Barding Armor
47:21 Blast Furnace
47:36 Elite Jarl
48:39 Conscription
[OTM]thebearjew
5:44 Loom
14:30 Feudal Age
15:45 Fishing Lines
16:48 Wheelbarrow
19:00 Castle Age
17:00 Double-Bit Axe
17:17 Gold Mining
17:35 Horse Collar
20:15 Hand Cart
25:15 Heavy Plow
27:27 Bloodlines
28:06 Husbandry
29:42 Bow Saw
30:02 Scale Barding Armor
36:19 Imperial Age
34:49 Gold Shaft Mining
35:43 Chain Barding Armor
35:34 Forging
36:31 Fletching
36:41 Scale Mail Armor
37:06 Cavalier
38:54 Plate Barding Armor
38:55 Iron Casting
39:23 Savar
43:44 Blast Furnace
45:44 Citadels
45:54 Conscription
49:02 Elite War Elephant
51:53 Two-Man Saw
51:26 Crop Rotation
51:36 Hoardings
51:44 Bodkin Arrow
2110316511
5:44 Loom
14:06 Feudal Age
16:28 Double-Bit Axe
17:31 Fishing Lines
20:28 Fletching
20:35 Gold Mining
20:37 Stone Mining
23:01 Castle Age
23:42 Fletching
25:01 Bodkin Arrow
25:51 Bow Saw
27:48 Padded Archer Armor
32:55 Wheelbarrow
35:49 Imperial Age
33:50 Ballistics
33:11 Treadmill Crane
33:49 Leather Archer Armor
34:02 Horse Collar
34:30 Thumb Ring
35:57 Pikeman
36:50 Bracer
38:20 Halberdier
44:41 Heavy Plow
45:13 Ring Archer Armor
46:45 Hand Cart
48:22 Chemistry
47:12 Elite Rattan Archer
49:15 Crop Rotation
48:31 Town Watch
49:47 Two-Man Saw
50:40 Town Patrol
50:47 Squires
51:27 Hoardings
51:15 Paper Money
52:44 Masonry
52:42 Siege Engineers
52:49 Masonry
52:25 Arrowslits
53:24 Stone Shaft Mining
阿尔特留斯
5:03 Loom
14:30 Feudal Age
16:42 Stone Mining
18:55 Castle Age
17:00 Fishing Lines
18:18 Double-Bit Axe
20:44 Bow Saw
21:15 Medium Warships
21:23 Gold Mining
22:33 Gillnets
26:39 Forging
28:52 Horse Collar
33:07 Scale Mail Armor
33:42 Iron Casting
41:33 Wheelbarrow
42:34 Chain Mail Armor
45:57 Imperial Age
46:03 Imperial Age
43:39 Hamask
46:46 Chain Mail Armor
47:17 Conscription
46:21 Capped Ram
48:54 Plate Mail Armor
50:58 Gold Shaft Mining
50:10 Heavy Scorpion
52:09 Chemistry
51:05 Fletching
51:29 Onager
51:59 Gambesons
52:20 Bodkin Arrow
52:22 Man-at-Arms
53:03 Squires
Jota
2:56 Loom
13:41 Feudal Age
14:14 Double-Bit Axe
23:25 Castle Age
23:33 Wheelbarrow
23:21 Fishing Lines
24:19 Medium Warships
24:16 Padded Archer Armor
24:41 Bow Saw
27:01 Hand Cart
27:06 Gillnets
29:11 Stone Mining
29:12 Gold Mining
34:24 Imperial Age
31:36 Man-at-Arms
32:19 Squires
32:24 Scale Mail Armor
32:41 Great Wall
32:40 Arson
32:16 Pikeman
32:20 Long Swordsman
33:35 Gold Mining
35:53 Heavy Warships
35:39 Two-Handed Swordsman
36:47 Chain Mail Armor
36:53 Forging
36:49 Champion
38:27 Iron Casting
38:43 Plate Mail Armor
39:08 Conscription
40:09 Blast Furnace
40:42 Two-Man Saw
40:21 Gold Shaft Mining
41:15 Stone Shaft Mining
40:38 Halberdier
44:12 Rocketry
43:51 Fletching
43:56 Horse Collar
44:57 Bodkin Arrow
45:18 Leather Archer Armor
45:36 Ballistics
45:58 Bracer
46:23 Elite Chu Ko Nu
48:51 Elite Skirmisher
50:01 Thumb Ring
50:28 Ring Archer Armor
51:01 Chemistry
49:49 Imperial Skirmisher
Pos3YDoN86
4:57 Loom
13:55 Feudal Age
14:25 Double-Bit Axe
20:02 Wheelbarrow
21:30 Castle Age
24:43 Fletching
26:16 Wheelbarrow
25:30 Fishing Lines
26:57 Scale Mail Armor
27:08 Forging
27:49 Hand Cart
27:46 Bow Saw
27:38 Arson
27:57 Town Watch
31:57 Horse Collar
34:59 Bodkin Arrow
35:33 Padded Archer Armor
42:52 Imperial Age
43:07 Masonry
45:06 Chemistry
44:11 Bracer
ocheda
3:47 Loom
16:33 Feudal Age
20:26 Castle Age
23:27 Wheelbarrow
24:26 Gold Mining
25:04 Hand Cart
27:57 Horse Collar
32:21 Imperial Age
30:37 Town Watch
33:05 Bloodlines
33:10 Forging
32:33 Cavalier
37:52 Fletching
37:58 Elite Skirmisher
38:35 Bodkin Arrow
38:52 Imperial Skirmisher
40:54 Conscription
41:31 Bracer
chakar
6:51 Loom
15:18 Feudal Age
16:31 Double-Bit Axe
19:06 Castle Age
17:25 Fletching
20:04 Medium Warships
20:46 Gold Mining
20:48 Stone Mining
21:10 Bow Saw
21:42 Horse Collar
23:14 Wheelbarrow
22:24 Town Watch
22:36 Fishing Lines
23:06 Demolition Ship
23:50 Bodkin Arrow
25:06 Hand Cart
30:16 Heavy Plow
34:07 Imperial Age
34:48 Ballistics
34:39 Masonry
35:54 Conscription
40:50 Squires
41:42 Bracer
41:11 Pikeman
42:09 Scale Mail Armor
42:20 Forging
42:42 Wootz Steel
43:40 Halberdier
44:40 Arson
45:13 Chain Mail Armor
45:34 Iron Casting
45:18 Gambesons
44:55 Man-at-Arms
45:31 Long Swordsman
47:07 Plate Mail Armor
46:10 Two-Handed Swordsman
46:55 Champion
50:40 Elite Skirmisher
51:22 Padded Archer Armor
51:28 Imperial Skirmisher
Connection lost

Rejoining the realm…

Still unreachable

The connection could not be restored.

Session expired

The server has moved on; the page needs a fresh start.